 Dungeon Crawl Stone Soup version 0.28-a0-863-g8cecda6153 (webtiles) character file.

Game seed: 8283069465691531190

819 gigimoi the Sneak (level 7, -4/36 HPs)
             Began as a Gargoyle Venom Mage on Nov 17, 2021.
             Was an Initiate of Hepliaklqana.
             Killed by divine providence
             ... invoked by an orc priest
              (8 damage)
             ... on level 5 of the Dungeon.
             The game lasted 00:29:33 (8321 turns).

gigimoi the Sneak (Gargoyle Venom Mage)             Turns: 8321, Time: 00:29:34

Health: -4/36      AC: 16    Str: 12    XL:     7   Next: 95%
Magic:  1/11       EV: 12    Int: 20    God:    Hepliaklqana [......]
Gold:   230        SH:  0    Dex: 10    Spells: 2/12 levels left

rFire   . . .      SeeInvis .   s - +1 dagger (speed)
rCold   . . .      Faith    .   (no shield)
rNeg    + . .      Spirit   .   a - +1 robe
rPois   ∞          Reflect  .   j - +2 helmet {Int+3}
rElec   +          Harm     .   n - +0 cloak
rCorr   .          Rampage  .   w - +0 pair of gloves
Will    +....                   p - +2 pair of boots
Stlth   +++.......              (no amulet)
HPRegen 0.12/turn               k - ring of willpower
MPRegen 0.12/turn               (no ring)

@: no status effects
A: sickness immunity, AC +4, negative energy resistance 1, electricity
resistance, torment resistance 1, petrification resistance
a: Renounce Religion


You were on level 5 of the Dungeon.
You worshipped Hepliaklqana.
Hepliaklqana was noncommittal.
You visited 2 branches of the dungeon, and saw 6 of its levels.

You collected 230 gold pieces.

Inventory:

Hand Weapons
 i - a +0 hunting sling
 s - a +1 dagger of speed (weapon)
 y - a +4 shortbow
Missiles
 b - 126 stones
 z - 11 arrows
Armour
 a - a +1 robe (worn)
 j - a +2 helmet of intelligence (worn)
 n - a +0 cloak (worn)
 p - a +2 pair of boots (worn)
 w - a +0 pair of gloves (worn)
Magical Staves
 q - a staff of fire
Jewellery
 k - a ring of willpower (left hand)
Wands
 t - a wand of digging (4)
Scrolls
 d - a scroll of enchant armour
 h - a scroll of identify
 l - 2 scrolls of teleportation
 v - a scroll of immolation {unknown}
Potions
 c - a potion of flight {unknown}
 e - 2 potions of haste
 f - 3 potions of attraction
 g - a potion of brilliance {unknown}
 m - a potion of heal wounds {unknown}
 o - 2 potions of experience {unknown}
 u - a potion of degeneration {unknown}
 x - a potion of invisibility {unknown}


   Skills:
 - Level 2.0 Slings
 * Level 2.9 Armour
 + Level 2.7 Dodging
 * Level 5.0 Stealth
 + Level 3.2 Spellcasting
 * Level 1.3 Conjurations
 - Level 1.0 Transmutations
 * Level 2.0 Air Magic
 + Level 4.6 Poison Magic
 + Level 0.7 Invocations
 + Level 0.6 Evocations


You had 2 spell levels left.
You knew the following spells:

 Your Spells              Type           Power      Damage    Failure   Level
a - Sting                 Tmut/Pois      56%        1d5       4%          1
b - Poisonous Vapours     Pois/Air       32%        N/A       5%          2
c - Mephitic Cloud        Conj/Pois/Air  14%        N/A       14%         3
d - Olgreb's Toxic Radia  Pois           21%        N/A       21%         4

Your spell library contained the following spells:

 Spells                   Type           Power      Damage    Failure   Level
 Summon Small Mammal      Summ           12%        N/A       14%         1
 Call Canine Familiar     Summ           3%         N/A       38%         3
 Summon Guardian Golem    Hex/Summ       3%         N/A       38%         3


Dungeon Overview and Level Annotations

Branches:
Dungeon (5/15)             Temple (1/1) D:4

Altars:
Ashenzari
Cheibriados
Elyvilon
Gozag
Hepliaklqana
Kikubaaqudgha
Nemelex Xobeh
Okawaru
Qazlal
Ru
Sif Muna
Trog
Uskayaw
Wu Jian
Xom
Yredelemnul
Zin
The Shining One


Innate Abilities, Weirdness & Mutations

You are immune to sickness and miasma.
Your stone body is resilient. (AC +4)
You are immune to poison.
You resist negative energy. (rN+)
You are resistant to electric shocks. (rElec)
You are resistant to unholy torment.
You are immune to petrification.


Message History

You hit the orc priest but do no damage.
The orc priest is heavily wounded.
The orc priest hits you but does no damage.
The orc priest calls down the wrath of Beogh upon you.
Beogh smites you!
You hit the orc priest.
The orc priest is severely wounded.
The orc priest hits you but does no damage.
You barely miss the orc priest.
The orc priest is almost dead.
You hit the orc priest.
You kill the orc priest!
The orc priest mumbles some strange prayers to Beogh against you.
You resist with some effort.
Casting: Sting (safe; 4% risk of failure)
Confirm with . or Enter, or press ? or * to list all spells.
Aiming: Sting (safe; 4% risk of failure)
Press: ? - help, Shift-Dir - straight line, f - orc priest
Aim: an orc priest, wielding a +0 whip and wearing a +0 ring mail (lightly wounded, 75% to hit)
The sting hits the orc priest but does no damage.
The orc priest is poisoned.
The orc priest is lightly wounded.
The orc priest invokes the aid of Beogh against you.
Pain shoots through your body!
You see here a +1 whip of freezing.
You hit the orc priest but do no damage.
The orc priest is lightly wounded.
You closely miss the orc priest.
The orc priest is lightly wounded.
The orc priest barely misses you.
You barely miss the orc priest.
The orc priest is lightly wounded.
The orc priest calls down the wrath of Beogh upon you.
Beogh smites you!
* * * LOW HITPOINT WARNING * * *
As you read the scroll of fog, it crumbles to dust.
The scroll dissolves into smoke.
The orc priest invokes the aid of Beogh against you.
Beogh smites you!
You die...

#####################.#
####
..............§§@o§...#
#...
#####################.#
#.## #.# #.# #.# #.#
#.# #.# .#<# #.#


You could see an orc priest (poisoned).

Vanquished Creatures
  Sigmund (D:3)
  2 black bears
  An ogre (D:5)
  A centaur (D:5)
  A scorpion (D:5)
  An orc priest (D:5)
  Terence (D:3)
  Jessica (D:2)
  Robin (D:2)
  6 adders
  A white imp (D:5)
  2 worms
  2 dart slugs
  4 orcs
  6 ball pythons
  5 bats
  6 endoplasms
  4 giant cockroaches
  14 goblins
  8 hobgoblins
  5 jackals
  7 kobolds
  3 quokkas
  3 frilled lizards
  8 rats
94 creatures vanquished.

Notes
Turn   | Place    | Note
-------+----------+-------------------------------------------
     0 | D:1      | gigimoi the Gargoyle Venom Mage began the quest for the
                  | Orb.
     0 | D:1      | Reached XP level 1. HP: 10/10 MP: 3/3
   226 | D:1      | Reached skill level 1 in Transmutations
   226 | D:1      | Reached XP level 2. HP: 10/15 MP: 0/5
   806 | D:1      | Learned a level 2 spell: Poisonous Vapours
  1191 | D:1      | Found a faded altar of an unknown god.
  1200 | D:1      | You fall into a shaft and drop 1 floor!
  1260 | D:2      | Reached XP level 3. HP: 19/19 MP: 4/6
  1285 | D:2      | Learned a level 3 spell: Mephitic Cloud
  1650 | D:2      | Noticed Robin
  1986 | D:2      | Killed Robin
  2017 | D:2      | Reached skill level 3 in Stealth
  2202 | D:2      | Reached XP level 4. HP: 22/24 MP: 1/7
  2585 | D:2      | Noticed Jessica
  2595 | D:2      | Killed Jessica
  2997 | D:1      | Reached skill level 1 in Slings
  3821 | D:3      | Reached XP level 5. HP: 26/28 MP: 0/8
  5510 | D:3      | Noticed Terence
  5548 | D:3      | Killed Terence
  5763 | D:3      | Noticed Sigmund
  5770 | D:3      | Killed Sigmund
  5771 | D:3      | Reached skill level 1 in Armour
  5771 | D:3      | Reached skill level 4 in Stealth
  5771 | D:3      | Reached skill level 1 in Air Magic
  5771 | D:3      | Reached XP level 6. HP: 32/32 MP: 1/10
  6170 | D:4      | Found a staircase to the Ecumenical Temple.
  6180 | Temple   | Entered the Ecumenical Temple
  6251 | Temple   | Became a worshipper of Hepliaklqana the Forgotten
  6392 | D:4      | Noticed a black bear
  6916 | D:4      | Killed a black bear
  6917 | D:4      | Reached XP level 7. HP: 27/36 MP: 0/11
  7415 | D:5      | Entered Level 5 of the Dungeon
  7722 | D:5      | Noticed a +0 spear
  7723 | D:5      | Noticed a +0 dagger
  7723 | D:5      | Noticed a +0 short sword
  7724 | D:5      | Noticed a +0 falchion
  7724 | D:5      | Noticed a +0 dagger
  7724 | D:5      | Noticed a +0 spear
  7725 | D:5      | Noticed a +0 short sword
  7725 | D:5      | Noticed a +0 falchion
  7784 | D:5      | Found a hide-covered altar of Uskayaw.
  7794 | D:5      | Learned a level 4 spell: Olgreb's Toxic Radiance
  7947 | D:5      | Found a sparkling altar of Nemelex Xobeh.
  8122 | D:5      | Reached skill level 1 in Conjurations
  8308 | D:5      | Reached skill level 5 in Stealth
  8321 | D:5      | Killed from afar by an orc priest

Illustrated notes

Levels and vault maps discovered:
D:1:      lemuel_arrival_funnel, layout_basic,
          hellmonk_ecumenical_altar_heavens_door
D:2:      layout_basic, uniq_jessica, uniq_robin
D:3:      layout_basic, uniq_sigmund, uniq_terence
D:4:      minmay_recursive_quarters, layout_rooms,
          minmay_temple_entry_statues_fountains,
          amcnicky_mini_rare_corridor_liquid
D:5:      layout_basic, mainiacjoe_overflow_alcove_4, nicolae_uskayaw_en_pointe
Temple:   nicolae_temple_x_marks_the_god

Skill      XL: |  1  2  3  4  5  6  7 |
---------------+----------------------+-----
Transmutations | 1 |  1.0
Dodging        | 2 |  2.7
Stealth        | 3 4 5 |  5.0
Slings         | 1 2 |  2.0
Armour         | 1 2 |  2.9
Air Magic      | 1 2 |  2.0
Poison Magic   | 4 |  4.6
Spellcasting   | 3 |  3.2
Conjurations   | 1 |  1.3
Invocations    | |  0.7
Evocations     | |  0.6

Action                   |  1- 3 |  4- 6 |  7- 9 || total
-------------------------+-------+-------+-------++-------
Melee: Unarmed           |    13 |       |       ||    13
       Dagger            |    25 |    36 |    14 ||    75
       Hunting sling     |     3 |       |       ||     3
       Staff             |       |    13 |       ||    13
 Fire: Hunting sling     |    10 |     7 |     2 ||    19
 Cast: Sting             |    23 |    39 |    27 ||    89
       Poisonous Vapours |    25 |    72 |    27 ||   124
  Use: Scroll            |     1 |     5 |     1 ||     7
       Potion            |       |     1 |       ||     1
Armor: Robe              |    17 |    33 |    14 ||    64
Dodge: Dodged            |    28 |    40 |    17 ||    85

Table legend: (Time is in decaauts)
 A = Elapsed time spent in this place.
 B = Non-inter-level travel time spent in this place.
 C = Inter-level travel time spent in this place.
 D = Time resting spent in this place.
 E = Time spent auto-exploring this place.
 F = Levels seen in this place.
 G = Mean time per level.
                   A        B        C        D        E       F      G
               +--------+--------+--------+--------+--------+-----+--------+
         Total |   8305 |   7886 |    419 |   4115 |   2765 |   6 | 1384.2 |
       Dungeon |   8222 |   7837 |    385 |   4115 |   2726 |   5 | 1644.4 |
        Temple |     82 |     48 |     34 |      0 |     39 |   1 |   82.0 |
               +--------+--------+--------+--------+--------+-----+--------+

Top non-repeatable levels by time:
     D:2: 2353 daAuts
     D:3: 2269 daAuts
     D:1: 1557 daAuts
     D:4: 1141 daAuts
     D:5: 901 daAuts
  Temple: 82 daAuts
